 Dungeon Crawl Stone Soup version 0.30-a0-1035-g38d5fb2972 (webtiles) character file.

Game seed: 11876705963908599315

400059 NateTC the Slayer (level 23, -1/164 HPs)
             Began as a Gargoyle Fighter on Apr 8, 2023.
             Was a High Priest of Okawaru.
             Splashed by the Royal Jelly's acid (3 damage)
             ... on level 5 of the Pits of Slime on Apr 9, 2023.
             The game lasted 03:27:19 (48268 turns).

NateTC the Slayer (Gargoyle Fighter)               Turns: 48268, Time: 03:27:19

Health: -1/164     AC: 41    Str: 35    XL:     23   Next: 28%
Magic:  29/29      EV: 10    Int: 10    God:    Okawaru [*****.]
Gold:   1911       SH:  0    Dex: 12    Spells: 22/22 levels left

rFire   + + +      SeeInvis +    a - +5 eveningstar (holy)
rCold   + + .      Faith    .    S - +8 tower shield
rNeg    + + .      Spirit   .    Z - +3 plate armour {rF+}
rPois   ∞          Reflect  .    d - +0 helmet of the Desert {rC+ Int+2}
rElec   +          Rampage  .    P - +0 cloak {rF+}
rCorr   +                        q - +0 pair of gloves "Meupusse" {+Blink rF+ rC+}
Will    ++...                    o - +2 pair of boots of Lugonu's Condemnation {Dex+5} Stlth
                                 N - amulet of regeneration
HPRegen 1.27/turn                t - ring of Attitude {rElec rPois Will+ Str+3 Stlth+}
MPRegen 0.21/turn                W - ring "Jodekeq" {rN+ rCorr SInv}

@: confused, ambrosia-drunk, corroded, flying
A: sickness immunity, AC +17, big wings, negative energy resistance 1,
electricity resistance, torment resistance 1, petrification resistance, clumsy
1, low MP 1, sense surroundings 1, subdued magic 1
}: 2/15 runes: decaying, serpentine
a: Renounce Religion, Evoke Blink, Heroism, Finesse, Duel


You were on level 5 of the Pits of Slime.
You worshipped Okawaru.
Okawaru was extremely pleased with you.
You visited 9 branches of the dungeon, and saw 43 of its levels.
You visited the Abyss 1 time.
You also visited: Gauntlet, Ice Cave and Volcano.

You collected 5106 gold pieces.
You spent 3195 gold pieces at shops.

Inventory:

Hand Weapons
 a - a +5 eveningstar of holy wrath (weapon)
 b - the +5 hammer "Kohav" {flame, rN+ Int+3}
   (You found it on level 2 of the Dungeon)

   Int:       It affects your intelligence (+3).
   rN:        It protects you from negative energy.
Armour
 d - the +0 helmet of the Desert (worn) {rC+ Int+2}
   (You found it on level 3 of the Elven Halls)

   Int:       It affects your intelligence (+2).
   rC:        It protects you from cold.
 o - the +2 pair of boots of Lugonu's Condemnation (worn) {Dex+5}
   (You found it in a volcano)

   Dex:       It affects your dexterity (+5).
 q - the +0 pair of gloves "Meupusse" (worn) {+Blink rF+ rC+}
   (You acquired it on level 5 of the Dungeon)

   rF:        It protects you from fire.
   rC:        It protects you from cold.
   +Blink:    It lets you blink.
 P - a +0 cloak of fire resistance (worn)
 Q - a +2 pair of boots of rampaging
 S - a +8 tower shield (worn)
 Z - a +3 plate armour of fire resistance (worn)
Jewellery
 i - a ring of resist corrosion
 t - the ring of Attitude (left hand) {rElec rPois Will+ Str+3 Stlth+}
   (You acquired it on level 9 of the Dungeon)

   [ring of willpower]

   Str:       It affects your strength (+3).
   rElec:     It insulates you from electricity.
   rPois:     It protects you from poison.
   Will:      It increases your willpower.
   Stlth:     It makes you more stealthy.
 F - a +5 ring of evasion
 H - a ring of positive energy
 N - an amulet of regeneration (around neck)
 R - the amulet "Xinuille" {*Slow Regen+ Int+3}
   (You found it on level 1 of the Orcish Mines)

   [amulet of regeneration]

   Int:       It affects your intelligence (+3).
   Regen:     It increases your rate of health regeneration.
   *Slow:     It may slow you when you take damage.
 T - an amulet of guardian spirit
 W - the ring "Jodekeq" (right hand) {rN+ rCorr SInv}
   (You found it on level 4 of the Depths)

   [ring of resist corrosion]

   rN:        It protects you from negative energy.
   SInv:      It lets you see invisible.
   rCorr:     It protects you from acid and corrosion.
Wands
 c - a wand of acid (20)
 e - a wand of polymorph (37)
 s - a wand of flame (52)
 z - a wand of iceblast (37)
 D - a wand of charming (17)
 E - a wand of digging (29)
 Y - a wand of mindburst (8)
Scrolls
 f - a scroll of brand weapon
 j - 2 scrolls of immolation
 l - 11 scrolls of teleportation
 u - 2 scrolls of silence
 v - 7 scrolls of blinking
 y - 6 scrolls of magic mapping
 A - 3 scrolls of butterflies
 J - 4 scrolls of fog
 K - 4 scrolls of enchant weapon
 L - a scroll of enchant armour
 U - 2 scrolls of fear
Potions
 h - 23 potions of curing
 k - 5 potions of haste
 m - 7 potions of attraction
 n - 6 potions of magic
 p - 13 potions of mutation
 r - 2 potions of ambrosia
 w - 6 potions of invisibility
 x - a potion of cancellation
 B - 6 potions of brilliance
 C - 5 potions of resistance
 I - 3 potions of berserk rage
 M - 5 potions of might
 O - 5 potions of lignification
Miscellaneous
 g - a lightning rod (4/4)
 V - a phial of floods


   Skills:
 - Level 22.9 Fighting
 - Level 16.0 Maces & Flails
 - Level 20.3 Armour
 - Level 6.5 Dodging
 + Level 21.5 Shields
 * Level 8.0 Unarmed Combat
 - Level 12.6 Invocations
 + Level 12.7 Evocations


You had 22 spell levels left.
You didn't know any spells.
Your spell library contained the following spells:

 Spells                   Type           Power      Damage    Failure   Level
 Apportation              Tloc           0%         N/A       90%         1
 Beastly Appendage        Tmut           0%         N/A       90%         1
 Freeze                   Ice            0%         1d3       90%         1
 Necrotise                Necr           0%         1d4       90%         1
 Slow                     Hex            0%         N/A       90%         1
 Blink                    Tloc           0%         N/A       97%         2
 Ensorcelled Hibernation  Hex/Ice        0%         N/A       97%         2
 Lesser Beckoning         Tloc           0%         N/A       97%         2
 Momentum Strike          Conj/Tloc      0%         3d8       97%         2
 Passwall                 Tmut/Erth      0%         N/A       97%         2
 Poisonous Vapours        Pois/Air       0%         N/A       97%         2
 Wereblood                Tmut           0%         N/A       97%         2
 Confusing Touch          Hex            0%         N/A       99%         3
 Dazzling Flash           Conj/Hex       0%         N/A       99%         3
 Frozen Ramparts          Ice            0%         1d1       99%         3
 Hailstorm                Conj/Ice       0%         3d3       99%         3
 Ignite Poison            Fire/Tmut/Pois 0%         N/A       99%         3
 Inner Flame              Hex/Fire       0%         N/A       99%         3
 Mephitic Cloud           Conj/Pois/Air  0%         N/A       99%         3
 Ozocubu's Armour         Ice            0%         N/A       99%         3
 Spider Form              Tmut/Pois      0%         N/A       99%         3
 Swiftness                Air            0%         N/A       99%         3
 Vampiric Draining        Necr           0%         2d6       99%         3
 Vhi's Electric Charge    Tloc/Air       0%         N/A       99%         3
 Anguish                  Hex/Necr       0%         N/A       100%        4
 Cause Fear               Hex            0%         N/A       100%        4
 Flame Wave               Conj/Fire      0%         2d4       100%        4
 Ice Form                 Ice/Tmut       0%         N/A       100%        4
 Passage of Golubria      Tloc           0%         N/A       100%        4
 Sticky Flame             Conj/Fire      0%         2d3       100%        4
 Agony                    Necr           0%         N/A       100%        5
 Alistair's Intoxication  Tmut/Pois      0%         N/A       100%        5
 Arcjolt                  Conj/Air       0%         1d10      100%        5
 Blade Hands              Tmut           0%         N/A       100%        5
 Borgnjor's Vile Clutch   Necr/Erth      0%         N/A       100%        5
 Freezing Cloud           Conj/Ice/Air   0%         6-21      100%        5
 Irradiate                Conj/Tmut      0%         3d11      100%        5
 Iskenderun's Battlesphe  Conj           0%         2d6       100%        5
 Silence                  Hex/Air        0%         N/A       100%        5
 Yara's Violent Unravell  Hex/Tmut       0%         3d3       100%        5
 Conjure Ball Lightning   Conj/Air       0%         3x3d6     100%        6
 Eringya's Noxious Bog    Tmut/Pois      0%         N/A       100%        6
 Iron Shot                Conj/Erth      0%         9d1       100%        6
 Plasma Beam              Fire/Air       0%         2x1d11    100%        6
 Dragon Form              Tmut           0%         N/A       100%        7
 Enfeeble                 Hex            0%         N/A       100%        7
 Ozocubu's Refrigeration  Ice            0%         4d7       100%        7
 Discord                  Hex            0%         N/A       100%        8
 Disjunction              Tloc           0%         N/A       100%        8
 Lehudib's Crystal Spear  Conj/Erth      0%         10d2      100%        8
 Necromutation            Tmut/Necr      0%         N/A       100%        8
 Death's Door             Necr           0%         N/A       100%        9
 Cigotuvi's Dreadful Rot  Necr/Pois/Air  Unusable   N/A       N/A         2
 Sublimation of Blood     Necr           Unusable   N/A       N/A         2
 Summon Guardian Golem    Hex/Summ       Unusable   N/A       N/A         3
 Summon Forest            Summ/Tloc      Unusable   N/A       N/A         5
 Summon Mana Viper        Hex/Summ       Unusable   N/A       N/A         5
 Statue Form              Tmut/Erth      Unusable   N/A       N/A         6
 Summon Cactus Giant      Summ           Unusable   N/A       N/A         6
 Spellforged Servitor     Conj/Summ      Unusable   N/A       N/A         7
 Dragon's Call            Summ           Unusable   N/A       N/A         9

Dungeon Overview and Level Annotations

Branches:
Dungeon (15/15) Zot: 25175  Temple (0/1) D:7            Lair (5/5) D:11 Zot: 22891
  Swamp (4/4) Lair:2 Zot: 21078   Snake (4/4) Lair:3 Zot: 18892   Slime (5/5) Lair:5 Zot: 26700
    Orc (2/2) D:10 Zot: 9298     Elf (3/3) Orc:2 Zot: 14183  Vaults (1/5) D:13 Zot: 4732
 Depths (4/4) D:15 Zot: 18048     Zot (0/5) Depths:4      IceCv (visited)
Volcano (visited)         Gauntlet (visited)

Altars:
Ashenzari
Cheibriados
Elyvilon
Gozag
Makhleb
Nemelex Xobeh
Okawaru
Ru
Trog
Wu Jian
Zin
The Shining One
Jiyva

Shops:
D:1 [   Orc:2 ((=:[(*!!   Elf:2 =(*:   Snake:3 (

Portals:
Hell: Depths:1 Depths:2 Depths:3 Depths:4
Abyss: Swamp:1 Depths:3 Depths:4
Pandemonium: Orc:2 Depths:1 Depths:2
Ziggurat: Depths:3
Trove: D:12 (give +6 demon blade)

Annotations:
D:2 1 runed translucent door, Crazy Yiuf
Lair:5 2 runed translucent doors
Swamp:1 2 transporters, bearlyready's ghost, journeyman AtBe
Slime:5 Royal Jelly


Innate Abilities, Weirdness & Mutations

You are immune to sickness and miasma.
Your stone body is resilient. (AC +17)
You are immune to poison.
Your large and strong wings let you fly.
You resist negative energy. (rN+)
You are resistant to electric shocks. (rElec)
You are resistant to unholy torment.
You are immune to petrification.
You are clumsy. (Dex -2)
Your magical capacity is low. (-10% MP)
You passively map a small area around you.
Your spells are a little easier to cast, but a little less powerful.


Message History

The slime creature explodes!
The fiery explosion engulfs you. You resist.
* * * LOW HITPOINT WARNING * * *
The fiery explosion engulfs the acid blob!!
Flame seeps out of the acid blob.
The acid blob is moderately wounded.
You are engulfed in blazing flames.
You resist. You block the Royal Jelly's attack. The Royal Jelly misses you.
The acid blob is engulfed in blazing flames.
Flame seeps out of the acid blob.
The acid blob closely misses you. You block the acid blob's attack.
The slime creature closely misses you. The acid blob attacks as you move away!
You block the acid blob's attack.
The slime creature attacks as you move away!
You block the slime creature's attack.
You are engulfed in blazing flames.
You resist.
A large slime creature splits.
The acid blob is engulfed in blazing flames.
Flame seeps out of the acid blob.
You block the acid blob's attack.
Two slime creatures merge to form an enormous slime creature.
The Royal Jelly is engulfed in blazing flames.
Flame seeps out of the Royal Jelly.
The Royal Jelly hits you!!
* * * LOW HITPOINT WARNING * * *
You are splashed with acid.
You resist.
* * * LOW HITPOINT WARNING * * *
The Royal Jelly hits you but does no damage.
You are confused.
You feel invigorated.
You are engulfed in blazing flames.
You resist.
The acid blob is engulfed in blazing flames.
Flame seeps out of the acid blob.
The acid blob hits you but does no damage.
The acid blob barely misses you.
Two slime creatures merge to form a titanic slime creature.
The Royal Jelly is engulfed in blazing flames.
Flame seeps out of the Royal Jelly.
The Royal Jelly hits you but does no damage.
The Royal Jelly shudders.
The Royal Jelly spits out another jelly.
The Royal Jelly hits you.
* * * LOW HITPOINT WARNING * * *
You are splashed with acid.
You resist.
You die...

,,,,,,.......,* ***
,,,,,....G...#* *,*
,,,,,........### *,#
,,,,,..........### *##.#*
,,,,,............###....**
,,,,,...................,*
,,,,,.........<.........**
*,,,,.........JJJJ.....#*
*,,,,.........GJ@§.....#*
**,,,..........J§§......*
,***,...................*
,,***...................**
,,,**...................,*
,,,**#..................,**
,,***#..................,,*
*****J..................,,*
,,*,,,,...............,,,,*


You could see the Royal Jelly (inner flame), 3 acid blobs, 2 great orbs of eyes,
a titanic slime creature (inner flame) and a slime creature (inner flame).

Vanquished Creatures
  A juggernaut (Depths:4)
  Mara (Elf:2)
  Saint Roka (Depths:3)
  A caustic shrike (Depths:4)
  2 golden dragons (Depths:4)
  A walking crystal tome (Depths:4)
  Rupert (D:14)
  4 tentacled monstrosities
  A hellephant (Depths:2)
  Zenata (Vaults:1)
  A lich (Depths:1)
  A deep elf blademaster (Elf:2)
  5 acid blobs
  2 deep elf master archers (Elf:3)
  A walking divine tome (Depths:2)
  5 sphinxes
  An Executioner (Abyss:3)
  2 shadow dragons
  A storm dragon (Depths:3)
  6 tengu reavers
  A draconian monk (Depths:4)
  3 thorn hunters
  An azure jelly (shapeshifter) (Depths:3)
  Roxanne (Swamp:4)
  5 nagarajas
  A fenstrider witch (Swamp:4)
  4 azure jellies
  7 fire giants
  2 rockslimes
  A draconian knight (Depths:4)
  4 vault wardens (Vaults:1)
  2 frost giants
  A balrug (Depths:4)
  7 deep elf sorcerers
  An orc warlord (Vaults:1)
  Aizul (Snake:2)
  9 stone giants
  A spriggan defender (Depths:2)
  4 ironbound preservers
  3 ironbound thunderhulks (Vaults:1)
  A stone giant (shapeshifter) (Depths:3)
  2 deep elf elementalists (Elf:3)
  16 very ugly things
  2 quicksilver oozes
  7 deep elf demonologists (Elf:3)
  A purple draconian (Depths:4)
  7 deep elf annihilators (Elf:3)
  3 vampire knights
  2 eleionomae
  23 dire elephants
  9 spark wasps
  2 red draconians (Depths:4)
  An iron golem (Depths:3)
  4 bunyips
  6 deep elf death magi
  3 yaktaur captains (Vaults:1)
  10 fire dragons
  8 ettins
  5 deep elf high priests
  11 ice dragons
  4 great orbs of eyes
  A shambling mangrove (Swamp:4)
  3 salamander tyrants (Snake:4)
  3 rakshasas
  8 vault guards (Vaults:1)
  Erolcha (D:13)
  2 ogre magi
  The ghost of kougar the Frost Mage, a journeyman MfIE of Sif Muna (Orc:1)
  2 spriggan air magi
  24 hydras
  6 two-headed ogres
  A death knight (D:14)
  3 demonspawn
  8 centaur warriors
  An ironbound frostheart (Vaults:1)
  11 anacondas
  2 boulder beetles
  13 alligators
  6 naga warriors
  A death yak (Lair:3)
  4 deep troll shamans
  Urug (D:12)
  8 deep troll earth magi
  5 tengu warriors
  6 large abominations
  2 spriggan berserkers
  24 dancing weapons
  2 thrashing horrors (Abyss:2)
  A soul eater (Depths:1)
  14 deep elf knights
  16 naga sharpshooters
  10 spriggans
  6 orc high priests (Orc:2)
  4 shock serpents
  4 skeletal warriors
  5 salamander mystics (Snake:4)
  Sonja (Lair:4)
  5 goliath frogs
  A golden dragon zombie (D:15)
  A fire crab (Lair:4)
  2 sun demons (Depths:4)
  12 iron trolls
  2 sixfirhies
  A spatial maelstrom (Abyss:2)
  A deep troll (shapeshifter) (Depths:1)
  2 spriggan druids
  20 deep trolls
  2 glowing orange brains
  A flayed ghost (Depths:2)
  8 deep elf archers
  3 bog bodies
  5 swamp dragons
  3 wizards
  12 lindwurms
  8 naga ritualists
  7 harpies (Vaults:1)
  5 phantasmal warriors
  6 ironbound convokers (Vaults:1)
  19 mana vipers
  38 deep elf pyromancers
  2 necromancers
  A harpy (shapeshifter) (Depths:3)
  10 orc knights
  8 orc sorcerers
  30 deep elf zephyrmancers
  21 ugly things
  5 will-o-the-wisps
  4 shining eyes
  8 cyclopes
  6 manticores
  A moth of wrath (shapeshifter) (D:13)
  A frost giant zombie (Vaults:1)
  23 salamanders
  Maurice (D:13)
  11 elephants
  30 black mambas
  An ice statue (IceCv)
  An eye of devastation (Slime:3)
  3 molten gargoyles
  9 vault sentinels (Vaults:1)
  7 guardian serpents
  21 naga magi
  Maggie (Lair:2)
  3 unseen horrors
  4 kobold demonologists
  7 cane toads
  A torpor snail (Lair:3)
  An efreet (D:14)
  7 komodo dragons
  A freezing wraith (D:14)
  14 yaktaurs (Vaults:1)
  An ancient zyme (Abyss:2)
  2 ice devils
  3 tengu conjurers
  4 red devils (D:13)
  A bloated husk (Swamp:4)
  A queen bee (shapeshifter) (Abyss:2)
  8 trolls
  12 polar bears
  9 tyrant leeches
  A hellwing (Orc:2)
  11 hornets
  A raiju (Abyss:2)
  15 blink frogs
  A tarantella (shapeshifter) (Elf:3)
  2 ettin zombies (D:15)
  An ettin skeleton (D:15)
  A slime creature (shapeshifter) (Depths:4)
  An air elemental (Elf:2)
  46 slime creatures
  6 water elementals
  58 yaks
  4 wyverns
  Eustachio (D:6)
  3 wraiths
  A shadow (D:10)
  10 fire elementals
  3 basilisks (Lair:5)
  12 golden eyes (Slime:4)
  16 vampire mosquitoes
  A chaos spawn (Abyss:3)
  An elf skeleton (Vaults:1)
  5 steam dragons
  3 wargs
  A redback (shapeshifter) (Depths:4)
  11 swamp worms
  A swamp worm (shapeshifter) (Depths:4)
  Edmund (D:5)
  35 nagas
  2 acid dragons (D:11)
  6 hell hounds
  13 water moccasins
  A water moccasin (shapeshifter) (Elf:3)
  4 black bears
  31 orc warriors
  11 swamp drakes
  3 ice beasts
  A sky beast (D:7)
  An ettin simulacrum (Vaults:1)
  13 centaurs
  8 wolves (IceCv)
  11 ogres
  A human skeleton (Vaults:1)
  2 phantoms
  8 small abominations
  2 kobold brigands
  10 bullfrogs
  2 earth elementals
  2 scorpions
  5 killer bees (D:9)
  8 howler monkeys
  4 electric eels
  5 lava snakes (Lair:5)
  A human simulacrum (Vaults:1)
  2 quasits (D:8)
  32 orc priests
  2 jellies
  A sleepcap (D:7)
  7 starcursed masses (Abyss:2)
  An iron imp (Abyss:2)
  5 iguanas
  32 orc wizards
  4 gnolls
  7 adders
  A shadow imp (D:7)
  2 white imps
  An ufetubus (Abyss:2)
  6 worms
  The ghost of Zeldest the Sneak, a weakling MeDe (D:8)
  A dart slug (D:4)
  79 orcs
  7 endoplasms
  5 giant cockroaches
  2 goblins
  7 hobgoblins
  2 jackals (D:1)
  A quokka (D:2)
  6 ball pythons
  6 bats
  A frilled lizard (D:2)
  21 kobolds
  4 rats
  A briar patch (Swamp:4)
  A butterfly (D:7)
1539 creatures vanquished.

Vanquished Creatures (others)
  3 deep elf knights (Elf:2)
  A deep elf pyromancer (Elf:1)
  A deep elf zephyrmancer (Elf:3)
  A wizard (Elf:2)
  2 bloated husks
  3 hornets (Swamp:4)
  An air elemental (Elf:2)
  A swamp worm (Swamp:1)
  A swamp drake (Swamp:4)
  A briar patch (Swamp:4)
  33 foxfires
  89 fungi
  A lurking horror (Abyss:3)
  81 plants
  3 toadstools (D:2)
  7 withered plants
229 creatures vanquished.

Grand Total: 1768 creatures vanquished

Notes
Turn   | Place    | Note
-------+----------+-------------------------------------------
     0 | D:1      | NateTC the Gargoyle Fighter began the quest for the Orb.
     0 | D:1      | Reached XP level 1. HP: 14/14 MP: 1/1
   174 | D:1      | Reached XP level 2. HP: 19/19 MP: 2/2
   257 | D:1      | Found Gosuisk's Antique Armour Shoppe.
   346 | D:1      | Found a faded altar of an unknown god.
   729 | D:2      | Reached XP level 3. HP: 24/24 MP: 3/3
   790 | D:2      | Reached skill level 4 in Fighting
  1016 | D:1      | Bought a pair of glowing gloves for 165 gold pieces
  1420 | D:2      | Identified the +5 hammer "Kohav" {flame, rN+ Int+3}
  1427 | D:2      | Found a runed translucent door.
  1428 | D:2      | Noticed Crazy Yiuf
  1721 | D:3      | Reached XP level 4. HP: 27/29 MP: 4/4
  1809 | D:3      | Found a white marble altar of Elyvilon.
  1815 | D:3      | Became a worshipper of Elyvilon the Healer
  2225 | D:3      | Noticed a phantom
  2242 | D:3      | Killed a phantom
  2243 | D:3      | Reached XP level 5. HP: 33/34 MP: 5/5
  2662 | D:3      | Reached skill level 5 in Fighting
  2733 | D:4      | Reached * piety under Elyvilon
  2739 | D:4      | Found a sparkling altar of Nemelex Xobeh.
  2750 | D:4      | You fall into a shaft and drop 1 floor!
  2750 | D:5      | Entered Level 5 of the Dungeon
  2764 | D:5      | Reached XP level 6. HP: 40/40 MP: 6/6
  2928 | D:5      | Noticed an ice beast
  2928 | D:5      | Noticed an ice beast
  2929 | D:5      | Noticed a black bear
  3431 | D:1      | Bought a runed scarf for 176 gold pieces
  3497 | D:5      | Reached XP level 7. HP: 43/45 MP: 7/7
  3502 | D:5      | Reached skill level 6 in Fighting
  3502 | D:5      | Reached skill level 5 in Maces & Flails
  3502 | D:5      | Reached skill level 5 in Armour
  3755 | D:5      | Reached skill level 1 in Invocations
  3755 | D:5      | Reached XP level 8. HP: 22/52 MP: 7/9
  3918 | D:5      | Noticed Edmund
  3919 | D:5      | Reached ** piety under Elyvilon
  3944 | D:5      | Killed Edmund
  3945 | D:5      | Reached skill level 5 in Shields
  4261 | D:5      | Identified a scroll of acquirement
  4261 | D:5      | Acquired the +0 pair of gloves "Meupusse" {+Blink rF+ rC+}
  4289 | D:6      | Noticed Eustachio
  4320 | D:6      | Killed Eustachio
  4333 | D:6      | Found a glowing golden altar of the Shining One.
  4399 | D:6      | HP: 2/52 [orc priest/nerve-wracking pain (3)]
  4742 | D:6      | Reached XP level 9. HP: 56/56 MP: 11/11
  4854 | D:6      | Noticed a cyclops
  4861 | D:6      | Killed a cyclops
  4862 | D:6      | Reached skill level 7 in Fighting
  5029 | D:6      | Reached *** piety under Elyvilon
  5472 | D:7      | Found a bloodstained altar of Trog.
  5485 | D:7      | Reached skill level 8 in Fighting
  5493 | D:7      | Found a staircase to the Ecumenical Temple.
  6153 | D:8      | Found a transporter.
  6156 | D:8      | Noticed Zeldest's ghost (weakling MeDe)
  6241 | D:8      | Found an iron altar of Okawaru.
  6265 | D:8      | Found a transporter.
  6309 | D:8      | Found an opulent altar of Gozag.
  6405 | D:8      | Reached **** piety under Elyvilon
  6633 | D:8      | Killed Zeldest's ghost
  6742 | D:9      | Noticed a troll
  6751 | D:9      | Killed a troll
  6752 | D:9      | Reached XP level 10. HP: 55/65 MP: 12/12
  6806 | D:9      | Found a sacrificial altar of Ru.
  6816 | D:9      | Reached skill level 9 in Fighting
  7303 | D:9      | Reached ***** piety under Elyvilon
  8032 | D:9      | Acquired the ring of Attitude {rElec rPois Will+ Str+3
                  | Stlth+}
  8104 | D:10     | Entered Level 10 of the Dungeon
  8139 | D:10     | Found a broken altar of Ashenzari.
  8178 | D:10     | Found a burning altar of Makhleb.
  8219 | D:10     | Noticed a two-headed ogre
  8219 | D:10     | Noticed a kobold demonologist
  8233 | D:10     | Killed a two-headed ogre
  8234 | D:10     | Reached skill level 10 in Fighting
  8245 | D:10     | Killed a kobold demonologist
  8456 | D:10     | Reached skill level 10 in Maces & Flails
  8578 | D:10     | Reached XP level 11. HP: 61/73 MP: 14/14
  8710 | D:10     | Reached skill level 11 in Fighting
  8876 | D:10     | Found a staircase to the Orcish Mines.
  9360 | D:11     | Noticed a cyclops
  9383 | D:11     | Killed a cyclops
  9384 | D:11     | Reached skill level 5 in Invocations
  9546 | D:11     | Found a frozen archway.
  9570 | D:12     | Noticed Urug
  9593 | IceCv    | Entered an ice cave
  9758 | IceCv    | Reached skill level 12 in Fighting
 10051 | IceCv    | Reached XP level 12. HP: 30/82 MP: 16/16
 10381 | IceCv    | Noticed an ironbound frostheart
 10382 | IceCv    | Noticed an ironbound frostheart
 10448 | IceCv    | HP: 4/82 [ironbound frostheart/creeping frost (10)]
 11076 | D:11     | Found a staircase to the Lair.
 11488 | Lair:1   | Entered Level 1 of the Lair of Beasts
 11758 | Lair:1   | Found a gate leading to a gauntlet.
 11765 | Gauntlet | Entered a Gauntlet
 11765 | Gauntlet | Found a transporter.
 11765 | Gauntlet | Found a transporter.
 11769 | Gauntlet | Found a transporter.
 11769 | Gauntlet | Found a transporter.
 11771 | Gauntlet | Found a large runed translucent door.
 11772 | Gauntlet | Found a large runed translucent door.
 11773 | Gauntlet | Found a runed translucent door.
 11773 | Gauntlet | Found a runed translucent door.
 11774 | Gauntlet | Found a large runed translucent door.
 11774 | Gauntlet | Found a large runed translucent door.
 11774 | Gauntlet | Found a large runed translucent door.
 11774 | Gauntlet | Found a large runed translucent door.
 11774 | Gauntlet | Found a large runed translucent door.
 11774 | Gauntlet | Found a large runed translucent door.
 11775 | Gauntlet | Found a large runed translucent door.
 11775 | Gauntlet | Found a large runed translucent door.
 11775 | Gauntlet | Found a large runed translucent door.
 11782 | Gauntlet | Found a transporter.
 11786 | Gauntlet | Found a large runed translucent door.
 11787 | Gauntlet | Found a large runed translucent door.
 11789 | Gauntlet | Found a runed translucent gate.
 11796 | Gauntlet | Found a transporter.
 11799 | Gauntlet | Noticed a death yak
 11800 | Gauntlet | Noticed a death yak
 11800 | Gauntlet | Noticed a death yak
 11801 | Gauntlet | Found a transporter.
 11804 | Gauntlet | Found a transporter.
 11808 | Gauntlet | Found a transporter.
 11816 | Gauntlet | Found a transporter.
 11818 | Gauntlet | Found a runed translucent gate.
 11818 | Gauntlet | Found a runed translucent gate.
 11820 | Gauntlet | Found a large runed translucent door.
 11821 | Gauntlet | Found a large runed translucent door.
 11827 | Gauntlet | Found a transporter.
 11850 | Gauntlet | Found a large runed translucent door.
 11877 | Gauntlet | Found a transporter.
 11889 | Gauntlet | Found a transporter.
 11909 | Gauntlet | Found a transporter.
 12026 | Gauntlet | Found a transporter.
 12044 | Gauntlet | Found a transporter.
 12601 | Lair:1   | Reached skill level 1 in Evocations
 12985 | Lair:1   | Reached XP level 13. HP: 70/87 MP: 18/18
 13342 | Lair:2   | Noticed Maggie
 13351 | Lair:2   | Killed Maggie
 13667 | Lair:2   | Reached ****** piety under Elyvilon
 14007 | Lair:2   | Reached skill level 13 in Fighting
 14470 | Lair:2   | Found a staircase to the Swamp.
 15277 | Lair:3   | Reached skill level 10 in Armour
 15665 | Lair:3   | Found a staircase to the Snake Pit.
 15960 | Lair:4   | Reached skill level 1 in Dodging
 16214 | Lair:4   | Noticed Sonja
 16237 | Lair:4   | Killed Sonja
 16830 | Lair:5   | Entered Level 5 of the Lair of Beasts
 16858 | Lair:5   | Identified the +8 long sword of the Blessed Realm {drain,
                  | rC+ rCorr Str+3}
 16913 | Lair:5   | Found a staircase to the Slime Pits.
 16913 | Lair:5   | Found a viscous altar of Jiyva.
 17456 | Lair:5   | Gained mutation: Your large and strong wings let you fly.
                  | [Gargoyle growth]
 17456 | Lair:5   | Reached XP level 14. HP: 59/94 MP: 19/19
 17921 | Lair:5   | Found a large runed translucent door.
 17921 | Lair:5   | Found a large runed translucent door.
 17961 | Lair:5   | Reached skill level 10 in Shields
 18928 | Orc:1    | Entered Level 1 of the Orcish Mines
 19205 | Orc:1    | Found a dark tunnel.
 19216 | Volcano  | Entered a volcano
 19663 | Volcano  | Identified the +2 pair of boots of Lugonu's Condemnation
                  | {Dex+5}
 19782 | Orc:1    | Found a transporter.
 19793 | Orc:1    | Noticed kougar's ghost (journeyman MfIE)
 19813 | Orc:1    | Found a transporter.
 20205 | Orc:2    | Entered Level 2 of the Orcish Mines
 20205 | Orc:2    | Found Nufo's Jewellery Boutique.
 20599 | Orc:2    | Bought an amulet of regeneration for 390 gold pieces
 20616 | Orc:2    | Found Geijaeng's Antique Weapon Shop.
 20649 | Orc:2    | Found a staircase to the Elven Halls.
 20897 | Orc:2    | Found Qaosidgh's Weapon Emporium.
 20941 | Orc:2    | Found Atzumu's Distillery.
 20943 | Orc:2    | Found Alaghebo's Distillery.
 21187 | Orc:1    | Reached skill level 15 in Maces & Flails
 21249 | Orc:1    | Killed kougar's ghost
 21317 | Orc:1    | Identified the amulet "Xinuille" {*Slow Regen+ Int+3}
 21447 | Orc:2    | Bought 2 potions of might for 120 gold pieces
 21511 | Orc:2    | Reached skill level 14 in Fighting
 21555 | Orc:2    | Found Gaifyomn's General Store.
 21568 | Orc:2    | Bought a scroll of identify for 28 gold pieces
 21568 | Orc:2    | Bought a scroll of identify for 28 gold pieces
 21581 | Orc:2    | Found Jopijili's Weapon Shop.
 21590 | Orc:2    | Reached XP level 15. HP: 87/100 MP: 20/20
 21848 | Orc:2    | Found Gellog's Antique Armour Emporium.
 21848 | Orc:2    | Found a one-way gate leading to the halls of Pandemonium.
 21848 | Orc:2    | Found Cidam's Book Shoppe.
 21858 | Orc:2    | Bought a glowing plate armour for 884 gold pieces
 22065 | D:12     | Killed Urug
 22298 | D:12     | Found a portal to a secret trove of treasure.
 22396 | D:12     | Reached skill level 5 in Evocations
 22652 | D:12     | Identified the +1 scale mail "Sonniwit" {SInv}
 23030 | D:13     | Found a gate to the Vaults.
 23109 | D:13     | Reached skill level 15 in Fighting
 23122 | D:13     | Noticed Erolcha
 23126 | D:13     | Killed Erolcha
 23481 | D:13     | Noticed Maurice
 23487 | D:13     | Killed Maurice
 24245 | D:14     | Noticed Rupert
 24252 | D:14     | Killed Rupert
 24935 | D:15     | Entered Level 15 of the Dungeon
 25180 | D:14     | Reached XP level 16. HP: 90/110 MP: 22/22
 25259 | D:15     | Reached skill level 16 in Fighting
 25304 | D:15     | Found a staircase to the Depths.
 25979 | Snake:1  | Entered Level 1 of the Snake Pit
 26722 | Snake:2  | Noticed Aizul
 26745 | Snake:2  | Killed Aizul
 27582 | Snake:3  | Noticed a nagaraja
 27594 | Snake:3  | Killed a nagaraja
 27761 | Snake:2  | Reached skill level 17 in Fighting
 28923 | Orc:2    | Bought a glowing plate armour for 884 gold pieces
 29265 | Snake:3  | Found Kebbur's Weapon Shoppe.
 29320 | Snake:3  | Reached XP level 17. HP: 95/118 MP: 24/24
 30006 | Snake:4  | Entered Level 4 of the Snake Pit
 30275 | Snake:4  | Reached skill level 18 in Fighting
 31041 | Snake:4  | Reached skill level 15 in Shields
 31117 | Snake:4  | Reached XP level 18. HP: 125/127 MP: 25/25
 31131 | Snake:4  | Got Pefidiuc's Compilation of the Evil Sphinx
 31137 | Snake:4  | Got a serpentine rune of Zot
 31599 | Swamp:1  | Entered Level 1 of the Swamp
 31804 | Swamp:1  | Found a transporter.
 31812 | Swamp:1  | Found a transporter.
 31827 | Swamp:1  | Reached skill level 19 in Fighting
 31960 | Swamp:1  | Noticed a Hell Sentinel
 31966 | Swamp:1  | Noticed bearlyready's ghost (journeyman AtBe)
 31975 | Swamp:1  | Found a one-way gate to the infinite horrors of the Abyss.
 32315 | Swamp:2  | Noticed a tentacled monstrosity
 32325 | Swamp:2  | Killed a tentacled monstrosity
 33170 | Swamp:3  | Noticed a tentacled monstrosity
 33181 | Swamp:3  | Killed a tentacled monstrosity
 33342 | Swamp:3  | Identified the +2 leather armour of Integrity {Int+5}
 33574 | Swamp:4  | Entered Level 4 of the Swamp
 33871 | Swamp:4  | Got a decaying rune of Zot
 34184 | Swamp:4  | Reached skill level 20 in Fighting
 34223 | Swamp:4  | Identified Roxanne's Vellum of Transmigration
 34223 | Swamp:4  | Noticed Roxanne
 34243 | Swamp:4  | Killed Roxanne
 34652 | Elf:1    | Entered Level 1 of the Elven Halls
 34667 | Elf:1    | Reached XP level 19. HP: 135/135 MP: 26/26
 34678 | Elf:1    | Reached skill level 10 in Invocations
 35023 | Elf:1    | Got the Precepts of Axaxaxas mlö
 35412 | Elf:2    | Paralysed by an air elemental for 1 turns
 35430 | Elf:2    | Found Qiroghe's Book Emporium.
 35436 | Elf:2    | Paralysed by an air elemental for 1 turns
 35495 | Elf:2    | Found Ciesmeb's General Store.
 35495 | Elf:2    | Found Nisadafa's Antique Weapon Shoppe.
 35509 | Elf:2    | Found Qanooh's Jewellery Shoppe.
 35522 | Elf:2    | Bought a phial of floods for 520 gold pieces
 35874 | Elf:2    | Found a runed translucent gate.
 35875 | Elf:2    | Found a runed translucent gate.
 35875 | Elf:2    | Found a runed translucent gate.
 36041 | Elf:2    | Reached skill level 10 in Evocations
 36314 | Elf:3    | Entered Level 3 of the Elven Halls
 36392 | Elf:3    | Acquired a +4 eveningstar of holy wrath
 36941 | Elf:3    | Noticed a Brimstone Fiend
 36957 | Elf:3    | HP: 1/135 [deep elf sorcerer/damnation (53)]
 36964 | Abyss:2  | Cast into level 2 of the Abyss (a deep elf sorcerer)
 37386 | Abyss:3  | Noticed a bone dragon
 37401 | Abyss:4  | Found a corrupted altar of Lugonu.
 37427 | Elf:3    | Escaped the Abyss
 37428 | Elf:3    | Identified the ring of Turul {Drain rN+ Str+5 SInv}
 37461 | Elf:3    | Reached XP level 20. HP: 119/138 MP: 25/29
 37514 | Elf:3    | Elyvilon protects you from harm!
 37515 | Elf:3    | HP: 2/140 [Executioner[a deep elf demonologist] (10)]
 37678 | Elf:3    | Noticed Mara
 37681 | Elf:3    | Noticed NateTC's illusion
 37908 | Elf:3    | Noticed NateTC's illusion
 37913 | Elf:2    | Noticed NateTC's illusion
 37933 | Elf:2    | Killed Mara
 38257 | Elf:3    | Identified the +1 robe of Zelon {Int+3}
 38309 | Elf:3    | Identified the +7 plate armour of the Planets {Rampage
                  | Stlth+}
 38344 | Elf:3    | Identified the staff of fire "Serphof" {rElec rF+ Str-3
                  | Int+4}
 38389 | Elf:3    | Identified the +0 helmet of the Desert {rC+ Int+2}
 38404 | Elf:3    | Identified the +3 war axe of Meyvacwo {drain, *Corrode rC+
                  | Str+3}
 38411 | Elf:3    | Identified the +1 morningstar "Ighetumo" {drain, rF+ MP+9
                  | Str+3}
 38412 | Elf:3    | Identified the staff of poison "Qehing" {Drain +Blink rElec
                  | rPois Str+3}
 38414 | Elf:3    | Identified the staff of cold "Ekiahox" {rC+ rN+ Str+2
                  | Int+2}
 39098 | Vaults:1 | Entered Level 1 of the Vaults
 39253 | Vaults:1 | Reached skill level 15 in Armour
 39492 | Vaults:1 | Noticed Zenata
 39572 | Vaults:1 | Killed Zenata
 39944 | Vaults:1 | Paralysed by a great orb of eyes for 3 turns
 40027 | Vaults:1 | Reached skill level 21 in Fighting
 40295 | Vaults:1 | Reached XP level 21. HP: 95/148 MP: 30/30
 40304 | Vaults:1 | HP: 2/148 [vault warden/+0 great mace of holy wrath (31)]
 40305 | Vaults:1 | Elyvilon protects you from harm!
 40598 | Depths:1 | Entered Level 1 of the Depths
 41402 | D:8      | Fell from the grace of Elyvilon
 41402 | D:8      | Became a worshipper of Warmaster Okawaru
 41747 | Depths:1 | Identified the +6 dagger of the Howling Enemy {drain, rPois
                  | Dex+3}
 41785 | Depths:1 | Found a white marble altar of Elyvilon.
 41787 | Depths:1 | Found a glowing golden altar of the Shining One.
 41791 | Depths:1 | Found a glowing silver altar of Zin.
 41994 | Depths:1 | Found a gateway to Hell.
 42195 | Depths:1 | Found an ornate altar of the Wu Jian Council.
 42591 | Depths:2 | Reached * piety under Okawaru
 42855 | Depths:2 | Reached skill level 5 in Dodging
 42959 | Depths:2 | Reached ** piety under Okawaru
 43324 | Depths:2 | Reached *** piety under Okawaru
 43480 | Depths:2 | Reached skill level 22 in Fighting
 44043 | Depths:2 | Reached XP level 22. HP: 93/156 MP: 31/31
 44158 | Depths:3 | Reached **** piety under Okawaru
 44355 | Depths:3 | Noticed Saint Roka
 44418 | Depths:3 | Killed Saint Roka
 44842 | Depths:3 | Found a one-way gateway to a ziggurat.
 44880 | Depths:3 | Found a glowing silver altar of Zin.
 45188 | Depths:2 | Reached ***** piety under Okawaru
 45434 | Depths:3 | Reached skill level 1 in Unarmed Combat
 45453 | Depths:3 | Received a gift from Okawaru
 45658 | Depths:3 | Found a snail-covered altar of Cheibriados.
 45834 | Depths:4 | Entered Level 4 of the Depths
 45843 | Depths:4 | Noticed a golden dragon
 45855 | Depths:4 | Killed a golden dragon
 45951 | Depths:4 | Found a gate to the Realm of Zot.
 46203 | Depths:4 | Noticed a golden dragon
 46215 | Depths:4 | Killed a golden dragon
 46496 | Depths:4 | Reached skill level 5 in Unarmed Combat
 46500 | Depths:4 | Noticed a caustic shrike
 46504 | Depths:4 | Killed a caustic shrike
 46520 | Depths:4 | Noticed a juggernaut
 46534 | Depths:4 | Killed a juggernaut
 46585 | Depths:4 | Found the +12 pair of quick blades "Gyre" and "Gimble"
                  | {protect}
 46619 | Depths:4 | Identified the ring "Jodekeq" {rN+ rCorr SInv}
 46941 | Depths:4 | Found a sacrificial altar of Ru.
 47003 | Depths:4 | Reached XP level 23. HP: 144/164 MP: 32/32
 47371 | Slime:1  | Entered Level 1 of the Pits of Slime
 47375 | Slime:1  | Gained mutation: Your spells are a little easier to cast,
                  | but a little less powerful. [a shining eye]
 47386 | Slime:1  | Gained mutation: You are clumsy. (Dex -2) [a shining eye]
 47572 | Slime:2  | Gained mutation: You passively map a small area around you.
                  | [a shining eye]
 47683 | Slime:3  | Gained mutation: Your magical capacity is low. (-10% MP) [a
                  | shining eye]
 47958 | Slime:5  | Entered Level 5 of the Pits of Slime
 48253 | Slime:5  | Noticed the Royal Jelly
 48267 | Slime:5  | HP: 4/164 [the Royal Jelly (26)]
 48267 | Slime:5  | HP: 1/164 [acid (3)]
 48268 | Slime:5  | Splashed by the Royal Jelly's acid

Illustrated notes

Levels and vault maps discovered:
D:1:      nzn_arrival_water_spiral, layout_loops_ring,
          hellmonk_ecumenical_altar_pennies_from_heaven, serial_shops, shop,
          st_stairs_13
D:2:      layout_basic, minmay_gold_behind_fungi, kennysheep_generic_room_13,
          uniq_crazy_yiuf_cottage
D:3:      layout_basic, nicolae_elyvilon_peaceful_grove
D:4:      layout_cave_pools, lemuel_doored_altar, small_statue_intersection
D:5:      layout_gridville, uniq_edmund
D:6:      layout_basic, tso_altar, grunt_decor_junction, kennysheep_path_1,
          minmay_microvault, uniq_eustachio
D:7:      layout_loops_ring, trog_ov_bears_minmay,
          minmay_temple_entry_butterflies, serial_park_tiny_2
D:8:      layout_rooms, okawaru_metal_pillars_3, grunt_gozag_statues,
          gammafunk_ghost_stat_death, reono_crystal_passage
D:9:      layout_grid_maze, mainiacjoe_overflow_small_starburst
D:10:     layout_irregular_city, mainiacjoe_overflow_six_doors_small,
          mainiacjoe_overflow_alcove_2, erik_orc_2
D:11:     layout_loops_cross, lair_entry_dummy, portal_ice_cave_entry_pillars_2,
          kennysheep_generic_room_8
D:12:     layout_irregular_city, nicolae_trove_entry_isolated, uniq_urug
D:13:     layout_long_grid, skrybe_vaults_entry_preservation,
          einodemon_armed_red_devil_minivault, uniq_maurice, uniq_erolcha
D:14:     layout_grid_maze, minivault_24, uniq_rupert
D:15:     gammafunk_depths_entry_grave, layout_cave_pools
Lair:1:   layout_loops_ring, gauntlet_entry_generic, beast_lair_carwin_5
Lair:2:   layout_chaotic_city, palyth_hydra_swamp_entry, uniq_maggie
Lair:3:   layout_misc_corridors, minmay_snake_entry_guardpost_medium,
          serial_bayou_shore_b
Lair:4:   layout_gridlike, serial_bayou_shore_b, uniq_sonja
Lair:5:   cheibrodos_lair_end_hotspot, layout_regular_city, slime_entry_1,
          eino_small_chamber_without_monster, dreamdust_deal_with_the_devil
Swamp:1:  layout_basic_swamp, gammafunk_ghost_abyssal_escape,
          hangedman_swamp_pad, infiniplex_staircase_pool
Swamp:2:  layout_falls_marsh, evilmike_swamp_ruin_house_4
Swamp:3:  layout_basic_swamp, hangedman_swamp_cone, swamp_pool2
Swamp:4:  swamp_basic_johnstein, layout_basic_swamp,
          infiniplex_staircase_pool_2, uniq_roxanne
Snake:1:  layout_onion, grunt_megastairs_1, serial_bayou_shore_b,
          serial_bayou_shore_b
Snake:2:  layout_cave_town, uniq_aizul
Snake:3:  layout_cave_shapes, serial_shops, nicolae_stop_n_shop_1,
          lemuel_fruit_tree, serial_bayou_shore_b
Snake:4:  snake_pit_salamanders_mu, layout_rooms, nicolae_snake_snakewalk
Slime:1:  layout_caves
Slime:2:  layout_caves
Slime:3:  layout_caves, cheibrodos_slime_lost_civilization_7
Slime:4:  layout_caves
Slime:5
Orc:1:    layout_diamond_mine, nicolae_volcano_entry_two_sided,
          gammafunk_ghost_arena
Orc:2:    pf_orc_diabolical, layout_caves, serial_shops, shop,
          nicolae_square_shop, nicolae_shop_trees, shop, shop
Elf:1:    layout_loops_ring, kennysheep_underground_church,
          minmay_misc_feat_pillars, bh_hangedman_babel_library
Elf:2:    nicolae_elf_blades_crystal_corner, layout_geoelf_grid,
          minmay_shoptagon
Elf:3:    minmay_elf_hall_quartered_circle, layout_geoelf_grid, uniq_mara
Vaults:1: v_alt_pattern_2, ontoclasm_vaults_ligature, nicolae_vaults_arrows,
          v_misc_22, v_misc_27, vaults_room_grunt_arrival_ludios,
          vaults_mumra_chevron, hangedman_vaults_stagger,
          vaults_room_stairs_pillars, st_cells, nicolae_vaults_puzzle_piece,
          vaults_room_stairs_pillars, nicolae_vaults_specimen_jars,
          nicolae_vaults_circle_grid_a, layout_vaults_omnibox, uniq_zenata
Depths:1: layout_gridlike, good_gods_temple_1, grunt_hell_entry_dis_grunt,
          grunt_pan_entry_sceptre, nzn_wu_jian_council_hall, grunt_megastairs_5
Depths:2: mu_elephants_graveyard, layout_basic, kennysheep_decorative_pillar,
          pan_entry, pf_coc_iceberg, minmay_misc_feat_diagonals, laboratory
Depths:3: kennysheep_green_arena, layout_cave_pools, enter_ziggurat_c,
          hangedman_tar_grid_catacomb, abyss_entry,
          lemuel_coloured_pillars_altar, grunt_ministairs_1, chei_slow_surprise,
          uniq_margery, uniq_saint_roka
Depths:4: evilmike_zot_entry_diamond, layout_gridlike, abyss_entry,
          nicolae_ru_path_of_blood, lightli_too_deep, minmay_evil_grid

Skill      XL: |  1  2  3  4  5  6  7  8  9 10 11 12 13 14 15 16 17 18 19 20 21 22 23 |
---------------+----------------------------------------------------------------------+-----
Fighting       | 4 5 6 8 10 12 13 14 15 17 18 20 21 22 | 22.9
Maces & Flails | 3 4 5 6 8 10 11 13 14 15 16 | 16.0
Armour         | 4 6 7 9 11 12 13 17 20 | 20.3
Shields        | 4 6 7 9 11 12 15 18 20 21 | 21.5
Invocations    | 1 3 4 6 7 9 12 | 12.6
Evocations     | 2 4 7 9 10 11 12 | 12.7
Dodging        | 2 3 5 6 |  6.5
Unarmed Combat | 6 8 |  8.0

Action                     |  1- 3 |  4- 6 |  7- 9 | 10-12 | 13-15 | 16-18 | 19-21 | 22-24 || total
---------------------------+-------+-------+-------+-------+-------+-------+-------+-------++-------
  Melee: Flail             |   129 |       |       |       |       |       |       |       ||   129
         Mace              |     4 |   101 |   269 |   661 |   472 |       |       |       ||  1507
         Dire flail        |       |       |     2 |       |       |       |       |       ||     2
         Morningstar       |       |       |       |       |   874 |  1502 |   381 |       ||  2757
         Eveningstar       |       |       |       |       |       |       |  1795 |  1042 ||  2837
 Invoke: Heal Self         |       |       |       |     9 |    22 |     5 |    43 |       ||    79
         Heroism           |       |       |       |       |       |       |     2 |     1 ||     3
         Finesse           |       |       |       |       |       |       |       |     1 ||     1
Ability: Evoke Blink       |       |       |       |       |     3 |       |       |       ||     3
  Evoke: Wand              |       |       |       |     3 |     1 |       |       |       ||     4
         Lightning rod     |       |       |       |       |       |       |     2 |       ||     2
    Use: Scroll            |     1 |     9 |     5 |    10 |    14 |     8 |    13 |     4 ||    64
         Potion            |       |     2 |     3 |     2 |     2 |     1 |     5 |     5 ||    20
   Stab: Distracted        |       |       |       |     9 |       |       |       |       ||     9
 Armour: Scale mail        |    12 |       |       |       |       |       |       |       ||    12
         Plate armour      |    97 |    96 |   303 |   512 |  1389 |  1497 |  1299 |   607 ||  5800
         Skin              |       |       |       |    15 |       |       |       |       ||    15
  Dodge: Dodged            |    42 |    29 |   114 |   176 |   595 |   620 |   566 |   269 ||  2411
  Block: Buckler           |    30 |    24 |    74 |   151 |    51 |       |       |       ||   330
         Kite shield       |       |       |       |       |   903 |   434 |       |       ||  1337
         Tower shield      |       |       |       |       |       |  1553 |  2956 |  1363 ||  5872

Table legend: (Time is in decaauts)
 A = Elapsed time spent in this place.
 B = Non-inter-level travel time spent in this place.
 C = Inter-level travel time spent in this place.
 D = Time resting spent in this place.
 E = Time spent auto-exploring this place.
 F = Levels seen in this place.
 G = Mean time per level.
                   A        B        C        D        E       F      G
               +--------+--------+--------+--------+--------+-----+--------+
         Total |  47965 |  44204 |   3761 |   7467 |  17486 |  49 |  978.9 |
       Dungeon |  15924 |  14007 |   1917 |   1664 |   7913 |  15 | 1061.6 |
          Lair |   7108 |   6450 |    658 |   1562 |   3009 |   5 | 1421.6 |
         Swamp |   2921 |   2787 |    134 |    289 |   1215 |   4 |  730.2 |
     Snake Pit |   5107 |   4813 |    294 |    945 |   1776 |   4 | 1276.8 |
    Slime Pits |    847 |    834 |     13 |    251 |     11 |   5 |  169.4 |
  Orcish Mines |   2701 |   2360 |    341 |    553 |    451 |   2 | 1350.5 |
   Elven Halls |   3815 |   3666 |    149 |    443 |   1127 |   3 | 1271.7 |
        Vaults |   1267 |   1229 |     38 |    137 |    172 |   1 | 1267.0 |
        Depths |   5951 |   5737 |    214 |    992 |   1610 |   4 | 1487.8 |
         Abyss |    446 |    446 |      0 |     33 |      0 |   3 |  148.7 |
      Ice Cave |    907 |    907 |      0 |    301 |    173 |   1 |  907.0 |
       Volcano |    541 |    541 |      0 |    295 |     28 |   1 |  541.0 |
      Gauntlet |    426 |    426 |      0 |      0 |      0 |   1 |  426.0 |
               +--------+--------+--------+--------+--------+-----+--------+

Top non-repeatable levels by time:
Depths:2: 2101 daAuts
    D:10: 1708 daAuts
  Lair:2: 1651 daAuts
    D:11: 1649 daAuts
 Snake:3: 1580 daAuts
   Elf:2: 1576 daAuts
 Snake:4: 1563 daAuts
   Orc:1: 1548 daAuts
  Lair:5: 1534 daAuts
    D:14: 1516 daAuts
   Elf:3: 1510 daAuts
     D:9: 1444 daAuts
  Lair:4: 1417 daAuts
Depths:1: 1382 daAuts
  Lair:1: 1374 daAuts
